 Dungeon Crawl Stone Soup version 0.28.0-53-g5a82cb258f (console) character file.

Game seed: 16009008212485342510

16832 Hector the Thaumaturge (level 12, -10/89 HPs)
             Began as a Djinni Cinder Acolyte on Oct 15, 2022.
             Was a High Priest of Ignis.
             Mangled by an eight-headed hydra (13 damage)
             ... on level 1 of the Lair of Beasts.
             The game lasted 01:01:05 (19351 turns).

Hector the Thaumaturge (Djinni Cinder Acolyte)     Turns: 19351, Time: 01:01:06

Health: -10/89     AC: 12    Str: 13    XL:     12   Next: 75%
Gold:   793        EV: 13    Int: 21    God:    Ignis [*****.] SH:  9 Dex: 15

rFire   + + +      SeeInvis +   a - +4 spear (venom)
rCold   x . .      Faith    .   i - +0 kite shield
rNeg    . . .      Spirit   .   d - +1 leather armour of the Volcano {Dex+6}
rPois   ∞          Reflect  .   h - +0 mask of the Dragon {Will+ Slay+3 SInv}
rElec   .          Harm     .   e - +2 cloak
rCorr   .          Rampage  .   g - +0 pair of gloves
Will    ++...                   (boots unavailable)
Stlth   +.........              (no amulet)
HPRegen 0.24/turn               W - ring of wizardry
MPRegen 0.00/turn               A - +4 ring of protection

@: flying
A: sickness immunity, fire resistance 2, cold vulnerability 1, float, innate
caster, HP casting, extra vitality 1
a: Renounce Religion, Fiery Armour, Foxfire Swarm, Rising Flame


You were on level 1 of the Lair of Beasts.
You worshipped Ignis.
Ignis was extremely pleased with you.
You visited 2 branches of the dungeon, and saw 12 of its levels.
You also visited: Sewer and Bailey.

You collected 968 gold pieces.
You spent 175 gold pieces at shops.

Inventory:

Hand Weapons
 a - a +4 spear of venom (weapon)
 t - a +0 vampiric spear
 F - a +0 antimagic morningstar
 N - a +2 vorpal spear
 R - a +0 spear of flaming
 X - a +2 dagger of speed
Missiles
 z - 27 boomerangs
 B - 312 stones
 V - 3 throwing nets
Armour
 d - the +1 leather armour of the Volcano (worn) {Dex+6}
   (You found it on level 6 of the Dungeon)

   Dex:       It affects your dexterity (+6).
 e - a +2 cloak (worn)
 g - a +0 pair of gloves (worn)
 h - the +0 mask of the Dragon (worn) {Will+ Slay+3 SInv}
   (You acquired it on level 10 of the Dungeon)

   Slay:      It affects your accuracy & damage with ranged weapons and melee
   (+3).
   SInv:      It lets you see invisible.
   Will:      It increases your willpower.
 i - a +0 kite shield (worn)
Magical Staves
 c - a staff of conjuration
Jewellery
 A - a +4 ring of protection (right hand)
 I - a +6 ring of intelligence
 W - a ring of wizardry (left hand)
 Z - a ring of positive energy
Wands
 D - a wand of digging (6)
 G - a wand of iceblast (8)
Scrolls
 b - a scroll of enchant armour
 k - 3 scrolls of enchant weapon {unknown}
 r - 3 scrolls of magic mapping {unknown}
 v - 3 scrolls of blinking
 C - 2 scrolls of fear {unknown}
 H - 3 scrolls of fog {unknown}
 J - 2 scrolls of immolation {unknown}
 M - 3 scrolls of teleportation {unknown}
Potions
 l - a potion of haste
 m - 2 potions of might
 n - 4 potions of heal wounds
 o - a potion of brilliance {unknown}
 q - a potion of magic {unknown}
 u - a potion of cancellation {unknown}
 w - a potion of resistance {unknown}
 K - 6 potions of curing {unknown}
 L - a potion of lignification {unknown}
Miscellaneous
 T - a condenser vane


   Skills:
 * Level 9.0 Fighting
 - Level 2.6 Short Blades
 - Level 4.0 Armour
 - Level 8.0 Dodging
 * Level 3.2 Shields
 + Level 12.4 Spellcasting


You had 20 spell levels left.
You knew the following spells:

 Your Spells              Type           Power      Damage    Failure   Level
a - Scorch                Fire           100%       2d10      1%          2
b - Sandblast             Erth           100%       2d20      1%          1
c - Corpse Rot            Necr/Air       100%       N/A       1%          2
d - Static Discharge      Conj/Air       60%        N/A       1%          2
f - Cause Fear            Hex            30%        N/A       1%          4
A - Animate Armour        Summ/Erth      100%       N/A       1%          4
Your spell library was empty.

Dungeon Overview and Level Annotations

Branches:
Dungeon (11/15)            Temple (0/1) D:7            Lair (1/6) D:11
    Orc (0/2) D:10          Sewer (visited)          Bailey (visited)

Altars:
Uskayaw
Yredelemnul
The Shining One

Shops:
D:3 [

Annotations:
D:11 exclusions: orange crystal statue and 2 more exclusions, Erolcha


Innate Abilities, Weirdness & Mutations

You are immune to sickness and miasma.
You are immune to poison.
Your flesh is very heat resistant. (rF++)
You are vulnerable to cold. (rC-)
You float through the air rather than walking.
You learn spells naturally, not from books.
Your magical power is your life essence.
You have superior vitality. (+4 MHP)


Message History

Casting: Scorch (safe; 1% risk of failure)
Press: ? - help, Q - select action, (/) - cycle Dir - look around, f - activate Flames lash the eight-headed hydra.
The eight-headed hydra is burned terribly!
The eight-headed hydra is heavily wounded.
The eight-headed hydra bites you. x2
The eight-headed hydra bites you but does no damage.
The eight-headed hydra barely misses you.
The eight-headed hydra bites you! x2
* * * LOW HITPOINT WARNING * * *
You block the eight-headed hydra's attack. x2
Unknown command.
Casting: Scorch (safe; 1% risk of failure)
Press: ? - help, Q - select action, (/) - cycle Dir - look around, f - activate Flames lash the eight-headed hydra.
The eight-headed hydra is burned terribly!
The eight-headed hydra is severely wounded.
* * * LOW HITPOINT WARNING * * *
The eight-headed hydra bites you!
* * * LOW HITPOINT WARNING * * *
The eight-headed hydra bites you.
* * * LOW HITPOINT WARNING * * *
The eight-headed hydra closely misses you.
The eight-headed hydra bites you but does no damage.
You block the eight-headed hydra's attack.
The eight-headed hydra bites you but does no damage. x2
The eight-headed hydra barely misses you.
Your animated leather armour hits the eight-headed hydra.
Your animated leather armour completely misses the eight-headed hydra.
Unknown command.
Unknown command.
Unknown command.
Casting: Scorch (safe; 1% risk of failure)
Press: ? - help, Q - select action, (/) - cycle Dir - look around, f - activate Flames lash the eight-headed hydra.
The eight-headed hydra is burned terribly!
The eight-headed hydra is almost dead.
* * * LOW HITPOINT WARNING * * *
The eight-headed hydra bites you!
You die...

#...P# ##.....#..P##
##..## ##......###
#....# ##...###
#...## ##...# ##..##
#...## #....# ##...#
##...# #....#
##..########...#
#...@D[.†# ....######
##..#...#.........≈≈≈
#...#######.#P...≈≈≈
#...# ##...≈≈≈≈≈
##...# #...≈≈≈≈≈≈
#P...## ##....≈≈≈≈.
##..#.# #P..#.≈≈≈.<
##...## #...≈≈≈≈≈≈
#....# #....≈≈≈≈≈


You could see an eight-headed hydra (combustible, ally target) and a friendly
animated leather armour (summoned).

Vanquished Creatures
  A boulder beetle (D:11)
  A two-headed ogre (D:9)
  An orc knight (Bailey)
  A deep elf pyromancer (D:7)
  A cyclops (D:11)
  A gargoyle (D:11)
  2 cane toads (Lair:1)
  A komodo dragon (Lair:1)
  2 trolls
  Grinder (D:3)
  A shadow (D:11)
  A vampire (D:11)
  2 wraiths (D:11)
  A wyvern (D:9)
  20 yaks
  4 vampire mosquitoes
  Menkaure (D:4)
  2 steam dragons (D:8)
  Edmund (D:5)
  2 water moccasins
  11 orc warriors
  An ice beast (D:5)
  A hornet zombie (D:8)
  6 ogres
  A black bear (D:5)
  A phantom (D:6)
  2 centaurs
  7 kobold brigands
  9 bullfrogs
  6 gnoll sergeants
  5 scorpions
  A water moccasin zombie (D:5)
  A water moccasin skeleton (D:5)
  9 killer bees
  5 wights (D:10)
  2 howler monkeys (D:9)
  3 centaur zombies
  Crazy Yiuf (D:5)
  A gnoll shaman (D:8)
  6 orc priests
  3 iguanas
  9 orc wizards
  Natasha (thrice) (D:3)
  A scorpion zombie (D:5)
  A hound skeleton (D:5)
  20 gnolls
  A howler monkey skeleton (D:6)
  10 adders
  An ufetubus (D:5)
  A worm (D:4)
  2 dart slugs
  37 orcs
  5 bats
  6 endoplasms
  12 giant cockroaches
  16 goblins
  6 hobgoblins
  6 jackals
  10 quokkas
  6 ball pythons
  6 frilled lizards
  14 kobolds
  7 rats
309 creatures vanquished.

Vanquished Creatures (collateral kills)
  A two-headed ogre (D:10)
  A cane toad (Lair:1)
  A rime drake (Lair:1)
  3 yaks
  A water moccasin (D:11)
  A black bear (D:11)
  A bullfrog (Lair:1)
  A gnoll sergeant (D:10)
  An orc (D:10)
11 creatures vanquished.

Vanquished Creatures (others)
  A howler monkey skeleton (D:7)
  39 fungi
  40 plants (D:11)
  3 toadstools (D:2)
83 creatures vanquished.

Grand Total: 403 creatures vanquished

Notes
Turn   | Place    | Note
-------+----------+-------------------------------------------
     0 | D:1      | Hector the Djinni Cinder Acolyte began the quest for the
                  | Orb.
     0 | D:1      | Reached XP level 1. HP: 20/20 MP: 0/0
    91 | D:1      | Reached XP level 2. HP: 20/25 MP: 0/0
   542 | D:1      | Reached XP level 3. HP: 23/30 MP: 0/0
   542 | D:1      | Learned a level 1 spell: Sandblast
  1122 | D:1      | Found a glowing golden altar of the Shining One.
  1230 | D:2      | Reached skill level 3 in Spellcasting
  2000 | D:3      | Noticed Natasha
  2003 | D:3      | Killed Natasha
  2004 | D:3      | Reached XP level 4. HP: 30/37 MP: 0/0
  2640 | D:3      | Reached XP level 5. HP: 37/41 MP: 0/0
  2640 | D:3      | Learned a level 2 spell: Static Discharge
  2641 | D:3      | Noticed Natasha
  2643 | D:3      | Killed Natasha
  2808 | D:3      | Noticed Natasha
  2811 | D:3      | Killed Natasha
  2812 | D:3      | Reached skill level 4 in Spellcasting
  3008 | D:3      | Found Mudilomu's Antique Armour Shop.
  3019 | D:3      | Bought a masterwork leather armour for 175 gold pieces
  3019 | D:3      | Identified the +1 leather armour "Tirygu" {Rampage rCorr}
                  | (You bought it in a shop on level 3 of the Dungeon)
  3229 | D:3      | Noticed Grinder
  3244 | D:3      | Killed Grinder
  3245 | D:3      | Reached skill level 1 in Armour
  3245 | D:3      | Reached skill level 1 in Dodging
  3245 | D:3      | Reached XP level 6. HP: 18/47 MP: 0/0
  3245 | D:3      | Reached XP level 7. HP: 20/52 MP: 0/0
  3245 | D:3      | Learned a level 2 spell: Corpse Rot
  3602 | D:4      | Noticed Menkaure
  3605 | D:4      | Killed Menkaure
  3606 | D:4      | Reached skill level 5 in Spellcasting
  3826 | D:4      | Found a glowing drain.
  3837 | Sewer    | Entered a sewer
  3930 | Sewer    | Reached XP level 8. HP: 32/58 MP: 0/0
  4738 | D:5      | Entered Level 5 of the Dungeon
  5023 | D:5      | Noticed Edmund
  5026 | D:5      | Killed Edmund
  5118 | D:5      | Found a runed translucent door.
  5119 | D:5      | Noticed Crazy Yiuf
  5174 | D:5      | Reached skill level 5 in Fighting
  5174 | D:5      | Reached skill level 6 in Spellcasting
  5969 | D:5      | Reached XP level 9. HP: 42/65 MP: 0/0
  5969 | D:5      | Learned a level 4 spell: Cause Fear
  6339 | D:5      | Killed Crazy Yiuf
  6564 | D:5      | Reached skill level 7 in Spellcasting
  7580 | D:6      | Identified the +1 leather armour of the Volcano {Dex+6}
  7745 | D:6      | Reached skill level 8 in Spellcasting
  8116 | D:6      | Reached XP level 10. HP: 68/72 MP: 0/0
  9168 | D:7      | Noticed a deep elf pyromancer
  9228 | D:7      | Found a staircase to the Ecumenical Temple.
  9332 | D:7      | Killed a deep elf pyromancer
  9333 | D:7      | Reached skill level 5 in Dodging
 10147 | D:8      | Reached skill level 9 in Spellcasting
 10536 | D:8      | Found a flagged portal.
 10698 | Bailey   | Entered a bailey
 11117 | Bailey   | Noticed an orc knight
 11165 | Bailey   | Killed an orc knight
 11822 | D:8      | Found a hide-covered altar of Uskayaw.
 11824 | D:8      | Noticed a +0 dagger
 11825 | D:8      | Noticed a +0 dagger
 12016 | D:8      | Reached XP level 11. HP: 59/79 MP: 0/0
 12016 | D:8      | Learned a level 4 spell: Animate Armour
 12650 | D:9      | Found a basalt altar of Yredelemnul.
 12934 | D:9      | Noticed a two-headed ogre
 12942 | D:9      | Killed a two-headed ogre
 12943 | D:9      | Reached skill level 10 in Spellcasting
 13791 | D:10     | Entered Level 10 of the Dungeon
 13799 | D:10     | Identified a scroll of acquirement
 13799 | D:10     | Acquired the +0 mask of the Dragon {Will+ Slay+3 SInv}
 13799 | D:10     | Found the +0 mask of the Dragon {Will+ Slay+3 SInv}
 13972 | D:10     | Noticed a two-headed ogre
 13977 | D:10     | Killed a two-headed ogre
 14424 | D:10     | Found a staircase to the Orcish Mines.
 14771 | D:10     | Reached skill level 11 in Spellcasting
 16544 | D:11     | Reached XP level 12. HP: 72/87 MP: 0/0
 17047 | D:11     | Reached skill level 1 in Shields
 17566 | D:11     | Noticed Erolcha
 17879 | D:11     | Reached skill level 12 in Spellcasting
 18015 | D:11     | Found a staircase to the Lair.
 18240 | D:11     | Noticed a boulder beetle
 18272 | D:11     | Killed a boulder beetle
 18624 | Lair:1   | Entered Level 1 of the Lair of Beasts
 19343 | Lair:1   | Noticed an eight-headed hydra
 19351 | Lair:1   | Mangled by an eight-headed hydra

Illustrated notes

Levels and vault maps discovered:
D:1:      sevenhm_arrival_forest_fort_small_6, layout_rooms
D:2:      layout_rooms, minmay_gold_behind_fungi
D:3:      layout_loops_ring, serial_shops, shop, grunt_ministairs_12,
          solitary_fountain, uniq_grinder, uniq_natasha
D:4:      layout_rooms, portal_sewer_entry_d, uniq_menkaure
D:5:      layout_loops_corners, kennysheep_generic_room_14, uniq_edmund,
          uniq_crazy_yiuf_cottage
D:6:      layout_basic
D:7:      layout_rooms, minmay_temple_entry_trees, serial_bayou_crossing
D:8:      layout_basic, dancing_weapons_uskayaw, enter_bailey_5
D:9:      layout_loops_cross, lemuel_doored_altar, kennysheep_generic_room_12
D:10:     layout_layer_cave, kennysheep_orc_monster_closet_entryway
D:11:     layout_basic, due_lair_maze_entry_diamond, minmay_protected_statue,
          uniq_erolcha
Lair:1:   layout_concentric_octagons, infiniplex_staircase_pool_2

Skill      XL: |  1  2  3  4  5  6  7  8  9 10 11 12 |
---------------+-------------------------------------+-----
Spellcasting   | 3 4 5 6 8 9 11 12 | 12.4
Fighting       | 4 5 6 7 8 9 |  9.0
Armour         | 1 2 3 4 |  4.0
Dodging        | 1 2 3 4 6 7 8 |  8.0
Shields        | 3 |  3.2
Short Blades   | |  2.6

Action                   |  1- 3 |  4- 6 |  7- 9 | 10-12 || total
-------------------------+-------+-------+-------+-------++-------
Melee: Short sword       |    14 |       |     2 |       ||    16
 Cast: Scorch            |    44 |    36 |   156 |   445 ||   681
       Cause Fear        |       |       |     1 |     3 ||     4
       Animate Armour    |       |       |       |    48 ||    48
  Use: Scroll            |       |       |       |    12 ||    12
Armor: Robe              |     6 |     1 |       |       ||     7
       Leather armour    |       |       |    10 |    48 ||    58
Dodge: Dodged            |    25 |     5 |    22 |    96 ||   148
Block: Kite shield       |       |       |       |     8 ||     8
